Map: At Eternity's Edge LE

Players

GgMaChine

  • Race: Zerg Zerg
  • League: Master

ByuN - Winner!

  • Race: Terran Terran
  • League: Master

VOD

Have the link to the VOD?

Description

Time

  • Played on: July 27, 2026, 3:19 p.m.
  • Length: 32:32
Show
View Real Time Build Order
Export as new Build Order

GgMaChine Zerg 

Build Orders: Hatch First 

Get SALT Encoding   

  8  0:00  Drone  
  9  0:11  Drone  
  10  0:17  Drone  
  11  0:25  Drone  
  12  0:32  Overlord  
  12  0:40  Extractor, Drone  
  13  0:51  Drone x2  
  15  1:01  Drone  
  16  1:15  Hatchery  
  15  1:18  Drone  
  15  1:23  Drone  
  17  1:36  Spawning Pool  
  17  1:39  Drone  
  17  1:42  Drone  
  17  1:45  Extractor  
  17  1:50  Drone  
  18  2:00  Drone  
  19  2:10  Overlord  
  19  2:26  Queen x2  
  19  2:27  Drone  
  19  2:29  Drone  
  25  2:31  Drone  
  26  2:38  Drone  
  26  2:41  Overlord  
  27  2:46  Drone  
  27  2:50  Drone  
  29  2:56  Drone  
  30  3:02  Drone  
  30  3:05  Hatchery  
  30  3:08  Drone  
  30  3:10  Drone  
  32  3:13  Metabolic Boost  
  32  3:16  Drone  
  33  3:20  Drone  
  33  3:25  Queen  
  36  3:27  Zergling x2  
  36  3:31  Overlord  
  37  3:35  Drone x2  
  37  3:37  Drone  
  37  3:40  Overlord  
  40  3:47  Overlord  
  40  3:50  Drone  
  40  3:51  Queen  
  40  3:54  Drone  
  44  3:56  Drone  
  45  4:03  Drone  
  45  4:05  Queen  
  45  4:06  Evolution Chamber  
  45  4:07  Drone  
  45  4:09  Drone  
  49  4:11  Drone  
  49  4:13  Drone  
  49  4:16  Drone  
  52  4:21  Drone x2  
  52  4:23  Queen  
  55  4:29  Overlord  
  57  4:31  Zergling x4  
  57  4:35  Zerg Ground Armor Level 1, Zergling x2  
  57  4:36  Zergling x2  
  57  4:37  Zergling x2  
  60  4:42  Zergling x6  
  63  4:47  Overlord x2  
  63  4:51  Zergling x2  
  64  5:00  Zergling x6  
  64  5:01  Zergling x4  
  64  5:05  Drone  
  64  5:06  Lair  
  69  5:07  Drone  
  69  5:10  Drone  
  69  5:12  Drone x3  
  69  5:13  Overlord  
  74  5:15  Drone x3  
  77  5:21  Hatchery  
  77  5:27  Baneling Nest  
  74  5:29  Extractor, Drone x3  
  74  5:31  Overlord  
  74  5:35  Zergling x8  
  80  5:37  Zergling x2  
  80  5:43  Zergling x10  
  80  5:46  Zergling x8  
  88  5:52  Zergling x2  
  88  5:54  Queen  
  88  5:56  Overlord  
  89  6:05  Drone x3  
  80  6:11  Drone x4  
  80  6:17  Zergling x16  
  89  6:22  Centrifugal Hooks  
  89  6:25  Extractor x2, Drone  
  88  6:26  Drone  
  88  6:27  Hydralisk Den  
  88  6:33  Drone x2  
  88  6:36  Drone x3  
  88  6:37  Drone  
  88  6:39  Drone x3  
  97  6:43  Drone  
  97  6:46  Evolution Chamber  
  97  6:47  Drone  
  97  6:50  Overlord  
  97  6:52  Zergling x2  
  97  6:53  Baneling x8  
  99  6:56  Hatchery, Drone x2  
  99  6:57  Drone  
  101  7:02  Drone x4  
  101  7:06  Overlord x2  
  101  7:07  Zergling x10  
  109  7:11  Grooved Spines  
  109  7:13  Drone x4  
  113  7:18  Drone  
  113  7:19  Extractor, Overlord  
  113  7:21  Zerg Melee Weapons Level 1  
  113  7:24  Drone x3  
  113  7:26  Drone  
  113  7:28  Extractor  
  115  7:30  Drone x3  
  115  7:31  Zergling x4  
  115  7:35  Zergling x8  
  124  7:39  Zergling x6  
  125  7:46  Hydralisk x2  
  125  7:49  Zergling x2  
  129  7:53  Drone  
  129  7:55  Drone, Overlord x2  
  129  7:56  Infestation Pit, Zergling x4  
  129  7:57  Hatchery  
  129  7:58  Baneling x4  
  131  8:01  Extractor, Muscular Augments  
  131  8:03  Drone x2  
  131  8:04  Drone  
  133  8:06  Zergling x12  
  133  8:09  Hatchery  
  133  8:11  Drone  
  133  8:12  Infestation Pit  
  137  8:14  Hydralisk  
  137  8:15  Hydralisk x2  
  137  8:16  Zergling x2  
  144  8:23  Hydralisk x3  
  150  8:27  Drone  
  150  8:29  Drone  
  150  8:30  Overlord x2  
  150  8:31  Spore Crawler x2  
  150  8:32  Zergling x10  
  154  8:37  Hive  
  154  8:39  Drone  
  154  8:45  Baneling x4  
  154  8:46  Baneling x2, Zergling x8  
  155  8:50  Drone  
  155  8:52  Drone x5, Lurker Den  
  155  8:54  Drone x6  
  166  8:55  Zergling x2  
  166  9:02  Zergling x16  
  169  9:03  Zergling x2  
  169  9:06  Overlord  
  169  9:07  Overlord x2  
  170  9:14  Overseer  
  170  9:15  Pneumatized Carapace  
  160  9:34  Evolution Chamber  
  159  9:38  Hydralisk x6  
  159  9:39  Zergling x36  
  159  9:45  Evolution Chamber  
  188  9:47  Drone  
  188  9:49  Spore Crawler  
  188  10:01  Hatchery  
  188  10:03  Zerg Missile Weapons Level 1, Seismic Spines, Adrenal Glands  
  187  10:12  Hatchery  
  186  10:14  Zerg Melee Weapons Level 2  
  186  10:17  Drone x5  
  186  10:20  Evolution Chamber  
  190  10:21  Spire, Nydus Network  
  190  10:23  Drone x2  
  190  10:30  Zergling x20  
  197  10:42  Hydralisk x3  
  180  10:43  Zergling x38  
  180  10:47  Hydralisk, Zergling x2  
  175  10:50  Zergling x6  
  175  10:59  Zergling x14  
  175  11:00  Zerg Ground Armor Level 2, Adaptive Talons  
  182  11:04  Baneling x19  
  182  11:05  Baneling x2, Zergling x28  
  182  11:06  Nydus Canal  
  196  11:13  Zergling x8  
  196  11:14  Burrow  
  200  11:18  Unknown  
  194  11:28  Viper x2  
  194  11:30  Hydralisk  
  194  11:31  Hydralisk x3, Zergling x20  
  194  11:32  Zergling x8  
  199  11:34  Hydralisk x2  
  199  11:35  Zergling x6  
  179  11:42  Hydralisk x3  
  179  11:43  Zergling x12  
  179  11:45  Zergling x4  
  179  11:46  Zergling x10  
  189  11:47  Zergling x2  
  189  11:52  Zergling x16  
  189  11:53  Zergling x2  
  198  11:56  Overseer  
  198  11:57  Baneling  
  198  11:58  Baneling x9  
  198  12:01  Zergling x4  
  190  12:19  Zergling x8  
  190  12:20  Zergling x16  
  200  12:23  Zerg Flyer Weapons Level 1, Zerg Missile Weapons Level 2  
  185  12:33  Hydralisk x2  
  185  12:34  Zergling x6  
  169  12:38  Hydralisk x6  
  169  12:39  Zergling x30  
  169  12:43  Zergling x6  
  195  12:44  Overlord x2  
  195  12:48  Baneling x12  
  195  12:49  Baneling  
  195  13:00  Zerg Melee Weapons Level 3  
  195  13:04  Nydus Canal  
  195  13:11  Hydralisk x3  
  195  13:12  Zergling x14  
  200  13:14  Hydralisk  
  200  13:15  Zergling x4  
  200  13:18  Zergling x24  
  200  13:19  Zergling x24  
  199  13:27  Extractor  
  199  13:28  Extractor  
  199  13:29  Extractor  
  199  13:31  Zerg Ground Armor Level 3  
  196  13:35  Drone x2  
  192  13:51  Viper x2  
  192  13:53  Zergling x48  
  198  13:59  Zergling x4  
  198  14:01  Overseer x2  
  199  14:17  Hatchery  
  197  14:31  Baneling x19  
  186  14:39  Zergling x12  
  186  14:40  Zergling x18  
  199  14:47  Overseer  
  199  14:50  Zerg Missile Weapons Level 3  
  199  14:51  Zerg Flyer Weapons Level 2  
  191  15:18  Zergling x26  
  191  15:19  Zergling x18  
  198  15:40  Nydus Canal  
  189  15:47  Viper  
  189  15:48  Viper  
  178  15:53  Zergling x56  
  195  15:58  Zergling x8  
  195  15:59  Queen  
  186  16:11  Zergling x24  
  186  16:13  Queen  
  186  16:17  Nydus Canal  
  186  16:18  Overlord x3  
  199  16:21  Baneling x28  
  199  16:22  Baneling x7  
  199  16:37  Hatchery  
  193  16:57  Zergling x14  
  153  17:18  Hydralisk  
  153  17:19  Hydralisk x11, Zergling x2  
  153  17:20  Zergling x46  
  153  17:21  Queen  
  153  17:22  Zergling x8  
  191  17:23  Zergling x4  
  191  17:26  Zergling x2  
  194  17:33  Overseer  
  194  17:34  Overseer  
  194  17:40  Viper x2  
  194  17:53  Hatchery  
  160  18:12  Hydralisk x7  
  155  18:13  Zergling x60  
  155  18:15  Queen x2  
  155  18:17  Overseer  
  155  18:18  Overseer x5  
  191  18:23  Zergling x8  
  195  18:39  Baneling x19  
  195  18:40  Baneling x12  
  171  19:10  Zergling x36  
  171  19:11  Zergling x18  
  171  19:12  Greater Spire  
  191  19:23  Overlord x2  
  191  19:37  Hatchery  
  191  19:38  Nydus Canal  
  188  19:44  Overseer  
  188  19:46  Zergling x24  
  187  20:08  Viper  
  187  20:15  Extractor  
  187  20:16  Extractor  
  185  20:27  Hatchery  
  185  20:28  Zerg Flyer Weapons Level 3  
  184  20:32  Extractor  
  184  20:34  Extractor  
  180  20:50  Corruptor  
  180  20:51  Corruptor x8  
  180  20:52  Overseer x2  
  198  21:07  Overseer x2  
  166  21:29  Hydralisk x4  
  166  21:30  Zergling x40  
  186  21:33  Zergling x28  
  188  21:49  Zergling x22  
  141  22:16  Zergling x2  
  141  22:17  Zergling x22  
  141  22:18  Zergling x12  
  141  22:19  Zergling x46  
  168  22:25  Overlord x2  
  168  22:27  Overlord x3  
  166  22:30  Overlord x2  
  166  22:34  Nydus Canal  
  166  22:43  Baneling x22  
  166  22:44  Baneling x4, Viper x2  
  166  22:47  Brood Lord x7  
  166  22:48  Hatchery  
  166  22:51  Hydralisk x3  
  185  22:52  Zergling x18  
  185  22:54  Unknown  
  197  23:05  Zerg Flyer Armor Level 1  
  196  23:09  Extractor  
  196  23:11  Extractor  
  187  23:27  Corruptor x7  
  185  23:29  Overseer  
  199  23:37  Extractor  
  199  23:38  Extractor  
  196  23:42  Hatchery  
  188  24:07  Zergling x22  
  186  24:20  Zergling x36  
  191  24:25  Viper x2  
  191  24:26  Infestor  
  199  24:35  Corruptor x4  
  183  25:13  Brood Lord x8  
  191  25:27  Brood Lord x2  
  175  25:30  Infestor x2  
  175  25:32  Hydralisk x11  
  198  25:38  Extractor  
  198  25:42  Zergling x4  
  130  26:20  Hydralisk x7  
  130  26:21  Zergling x24  
  130  26:22  Zergling x52  
  166  26:29  Zergling x2  
  158  26:40  Hydralisk x6  
  158  26:45  Hydralisk x5  
  158  26:46  Zergling x28  
  158  26:47  Zergling x4  
  181  26:59  Drone  
  181  27:00  Drone x3  
  185  27:02  Lurker x2  
  185  27:03  Lurker x4  
  185  27:05  Baneling x11  
  162  27:58  Infestor x2  
  151  27:59  Zergling x46  
  173  28:08  Zergling x10  
  130  28:26  Drone x3  
  131  28:28  Drone x3  
  131  28:44  Hydralisk  
  131  28:45  Hydralisk x3  
  112  29:08  Zergling x18  
  119  29:19  Overseer x2  
  116  29:43  Baneling x7  
  115  29:50  Hatchery  
  112  30:01  Viper x2  
  118  30:13  Zergling x10  
  123  30:24  Zergling x8  
  127  31:04  Infestor x2  
  127  31:05  Hatchery  
  127  31:07  Infestor  
  130  31:24  Zergling x2  
  130  31:25  Zergling x26  
  119  31:49  Drone x8  
  124  31:55  Zergling x16  
Show
View Real Time Build Order
Export as new Build Order

ByuN Terran - Winner!

Build Orders:  

Get SALT Encoding   

  8  0:00  SCV  
  9  0:12  SCV  
  10  0:24  SCV  
  11  0:36  SCV  
  11  0:39  Supply Depot  
  12  0:49  SCV  
  13  1:01  SCV  
  14  1:09  Command Center  
  14  1:13  SCV  
  15  1:25  Barracks  
  15  1:29  SCV  
  16  1:35  Refinery  
  16  1:41  SCV  
  17  1:53  SCV  
  18  2:05  SCV  
  19  2:12  Marine  
  20  2:17  Orbital Command  
  20  2:21  Orbital Command  
  20  2:29  Marine  
  21  2:43  Command Center  
  22  2:46  SCV  
  22  2:47  SCV  
  22  2:48  Barracks Reactor  
  23  2:58  SCV  
  24  2:59  SCV  
  24  3:02  Barracks  
  25  3:10  SCV, Supply Depot  
  25  3:11  SCV  
  27  3:14  Barracks  
  27  3:23  SCV x2  
  27  3:24  Marine x2  
  31  3:35  SCV x2  
  33  3:42  Marine x2  
  33  3:47  SCV x2  
  37  3:49  Barracks Tech Lab  
  37  3:54  Refinery  
  37  3:55  Orbital Command  
  37  3:59  SCV  
  37  4:00  SCV  
  37  4:01  Marine x2  
  41  4:04  Barracks Tech Lab  
  41  4:07  Marine, Stimpack  
  42  4:11  Refinery, SCV  
  42  4:12  SCV  
  44  4:20  Marine x2  
  44  4:22  Combat Shield, SCV, Marine  
  44  4:24  SCV, Marine  
  49  4:25  SCV  
  49  4:29  Supply Depot  
  51  4:34  SCV  
  51  4:36  SCV  
  51  4:37  SCV, Factory  
  54  4:41  Marine  
  55  4:46  Engineering Bay  
  55  4:47  Engineering Bay  
  55  4:51  SCV x3, Supply Depot  
  58  4:56  Marine x2  
  58  4:57  Marine  
  58  4:59  Marine  
  62  5:04  SCV x2  
  63  5:08  Refinery  
  63  5:11  Supply Depot  
  63  5:13  Terran Infantry Weapons Level 1, Terran Infantry Armor Level 1  
  64  5:19  SCV x2  
  64  5:20  SCV  
  66  5:23  Starport, Factory Reactor  
  66  5:24  Marine x4  
  66  5:28  Supply Depot  
  70  5:31  SCV  
  70  5:32  SCV x2  
  70  5:34  Supply Depot  
  73  5:37  Barracks  
  73  5:41  Barracks  
  73  5:47  Armory  
  74  5:50  SCV x2  
  74  5:52  Marine x2, Orbital Command  
  74  5:53  Marine  
  78  5:59  Barracks Reactor  
  78  6:02  SCV  
  78  6:03  SCV  
  80  6:11  Marine x2  
  76  6:14  Marine  
  76  6:15  SCV  
  76  6:17  SCV x2  
  69  6:19  Command Center  
  69  6:27  SCV  
  69  6:28  Medivac x2, Marine, Siege Tank  
  69  6:29  Marine, SCV x2  
  81  6:34  Barracks Reactor x2  
  81  6:37  Terran Vehicle Weapons Level 1  
  81  6:39  SCV  
  82  6:41  SCV  
  82  6:42  SCV, Supply Depot  
  82  6:44  Supply Depot  
  84  6:50  Marine x4  
  84  6:51  SCV  
  84  6:54  SCV x2, Factory  
  91  6:59  Refinery x2, Supply Depot  
  91  7:03  Marine  
  91  7:07  Supply Depot  
  91  7:08  Marine x2, SCV  
  94  7:09  SCV x2, Terran Infantry Armor Level 2, Terran Infantry Weapons Level 2  
  94  7:10  Marine x2  
  94  7:12  Marine x2  
  94  7:13  Marine x2  
  103  7:16  Supply Depot  
  103  7:21  Marine  
  104  7:26  Marine  
  104  7:33  Medivac x2  
  104  7:34  Siege Tank  
  104  7:35  SCV x3  
  114  7:37  Marine x7  
  114  7:39  Marine  
  121  7:47  Marine  
  121  7:50  Factory Tech Lab  
  121  7:55  Marine x7  
  121  7:57  Marine  
  129  8:02  Barracks, SCV x3  
  129  8:03  Barracks  
  129  8:04  Barracks  
  129  8:05  Marine  
  133  8:07  Siege Tank  
  133  8:08  Siege Tank  
  133  8:11  Sensor Tower  
  139  8:14  Planetary Fortress  
  139  8:18  SCV x3  
  142  8:20  Medivac, Marine  
  142  8:21  Marine  
  146  8:27  Marine x2  
  146  8:32  Marine x5  
  153  8:35  Supply Depot  
  153  8:47  Marine  
  153  8:48  Marine x3  
  155  8:53  Command Center, Barracks Tech Lab  
  155  8:54  Barracks Tech Lab x2  
  156  8:56  Siege Tank  
  156  9:00  Terran Vehicle Weapons Level 2  
  159  9:04  Siege Tank  
  159  9:06  SCV x2  
  159  9:09  Supply Depot  
  164  9:10  Supply Depot  
  164  9:11  SCV  
  164  9:16  Command Center x2  
  165  9:20  SCV  
  166  9:25  SCV  
  166  9:28  Refinery  
  166  9:29  SCV  
  166  9:30  Siege Tank  
  170  9:41  Medivac x2  
  170  9:43  SCV x2  
  181  9:47  Marauder x4, Concussive Shells  
  181  9:49  Terran Infantry Weapons Level 3, Terran Infantry Armor Level 3  
  180  9:53  SCV  
  180  9:55  SCV x2, Armory  
  180  9:59  Refinery, Sensor Tower  
  183  10:01  Command Center  
  183  10:06  Siege Tank  
  186  10:10  Siege Tank  
  185  10:20  Command Center  
  185  10:23  Command Center  
  185  10:24  Ghost Academy, Missile Turret  
  185  10:27  Medivac x2  
  189  10:30  SCV x2  
  189  10:31  Orbital Command x2, SCV  
  192  10:36  Factory  
  192  10:38  Siege Tank  
  185  10:42  SCV  
  185  10:43  Siege Tank  
  185  10:44  SCV x2  
  168  10:55  SCV, Marauder x3  
  168  10:56  SCV  
  168  10:57  SCV x2  
  177  11:03  Viking x2  
  182  11:05  Personal Cloaking  
  182  11:07  SCV  
  182  11:08  SCV  
  182  11:09  SCV  
  182  11:10  SCV  
  186  11:15  Orbital Command  
  186  11:20  Siege Tank x2  
  186  11:23  Marauder x2  
  170  11:34  SCV x2  
  170  11:38  Marauder x2, Marine x3  
  170  11:39  SCV  
  155  11:40  Factory Tech Lab  
  155  11:42  SCV  
  155  11:43  SCV x2  
  150  11:48  SCV x2  
  150  11:52  Siege Tank  
  155  11:56  Siege Tank, Command Center  
  155  11:57  Marine x7  
  155  11:58  Marine  
  155  11:59  Marauder x4  
  174  12:03  Siege Tank  
  177  12:11  SCV x2  
  177  12:13  SCV  
  180  12:16  Orbital Command  
  180  12:17  Orbital Command  
  180  12:20  Marauder  
  183  12:24  Siege Tank  
  183  12:28  Sensor Tower, Siege Tank  
  179  12:35  Siege Tank  
  161  12:37  Marauder, SCV  
  161  12:38  SCV  
  166  12:44  Marauder x2  
  166  12:47  Refinery  
  166  12:48  Marine  
  166  12:49  Marine x4  
  171  12:51  SCV x2  
  171  12:52  SCV x2  
  171  12:57  Siege Tank  
  178  13:00  Medivac x2, Siege Tank  
  178  13:02  Terran Vehicle Weapons Level 3  
  178  13:04  Terran Vehicle And Ship Armor Level 1  
  185  13:07  Siege Tank  
  188  13:13  SCV x2  
  188  13:17  SCV  
  188  13:18  SCV  
  175  13:20  SCV  
  175  13:21  SCV  
  175  13:26  Marauder x3, Marine x3  
  186  13:29  Siege Tank  
  186  13:32  Siege Tank  
  192  13:39  Siege Tank  
  193  13:42  SCV x2  
  193  13:44  Medivac x2  
  199  13:49  Marauder  
  199  13:50  Marine x2  
  199  13:52  SCV x2  
  186  13:56  Orbital Command  
  186  13:58  Marine  
  186  13:59  Marine x2  
  186  14:01  Siege Tank  
  195  14:05  Command Center  
  195  14:06  Siege Tank  
  195  14:08  Command Center  
  200  14:13  Ghost  
  200  14:14  Medivac x2  
  200  14:16  Missile Turret  
  199  14:19  Missile Turret  
  199  14:29  Marine  
  200  14:35  Command Center  
  196  14:38  Marine  
  196  14:42  Sensor Tower  
  196  14:46  Command Center  
  196  14:47  Siege Tank  
  196  14:49  Command Center  
  199  14:57  Missile Turret  
  199  14:58  Marine  
  200  15:09  Missile Turret  
  200  15:11  Supply Depot  
  200  15:13  Orbital Command  
  200  15:26  Planetary Fortress  
  200  15:30  Refinery  
  200  15:31  Refinery  
  198  15:43  Marine  
  198  15:44  Siege Tank, Marine  
  198  15:45  Siege Tank  
  198  15:47  Marine  
  198  15:49  Siege Tank  
  200  15:50  SCV x2  
  200  15:53  SCV  
  200  15:56  Orbital Command  
  194  15:57  Orbital Command x2  
  194  16:08  Barracks  
  191  16:13  Ghost x2  
  191  16:14  Marine  
  191  16:15  SCV x2  
  197  16:21  Siege Tank  
  197  16:22  Terran Vehicle And Ship Armor Level 2  
  200  16:31  Sensor Tower  
  200  16:35  Planetary Fortress  
  199  16:54  Orbital Command  
  199  16:59  Barracks Tech Lab  
  199  17:04  Sensor Tower  
  199  17:13  Ghost x3  
  199  17:15  Ghost  
  177  17:18  Neosteel Armor, Hi-Sec Auto Tracking  
  177  17:24  Ghost  
  177  17:27  Command Center  
  179  17:38  Refinery  
  179  17:46  Siege Tank  
  185  17:54  Sensor Tower  
  181  18:00  Ghost  
  181  18:01  Ghost  
  181  18:03  Siege Tank  
  158  18:10  Marine x10  
  158  18:15  Marine  
  158  18:18  Siege Tank  
  162  18:23  Factory  
  162  18:28  Marine x3  
  162  18:29  Marauder x2  
  169  18:35  Siege Tank  
  172  18:46  Command Center  
  172  18:48  Marauder x2  
  176  18:49  Command Center  
  176  18:50  Siege Tank, Refinery  
  179  18:56  Command Center  
  179  18:57  Command Center  
  179  18:58  Orbital Command  
  179  19:00  Command Center  
  179  19:02  Command Center, Missile Turret  
  178  19:03  Missile Turret  
  178  19:07  Siege Tank  
  167  19:16  Command Center  
  167  19:20  Liberator x2  
  167  19:22  Siege Tank  
  176  19:26  Factory Tech Lab  
  176  19:27  Missile Turret  
  176  19:28  Marine  
  177  19:32  Missile Turret  
  177  19:33  Missile Turret  
  177  19:34  Command Center  
  177  19:35  Command Center  
  176  19:50  Ghost x3, Sensor Tower  
  182  19:57  Ghost x2  
  186  20:03  Orbital Command  
  186  20:06  Orbital Command  
  186  20:09  Siege Tank  
  186  20:24  Planetary Fortress  
  186  20:26  Orbital Command  
  186  20:48  SCV x4, Orbital Command  
  186  20:49  Orbital Command  
  187  21:04  Viking x2  
  187  21:07  Refinery  
  187  21:10  Refinery  
  191  21:14  Missile Turret  
  191  21:23  Marine x2  
  191  21:24  Marine  
  191  21:25  Marine  
  171  21:27  SCV x3  
  171  21:28  SCV x5  
  171  21:29  Orbital Command  
  178  21:39  SCV  
  181  21:40  SCV x2  
  174  21:50  SCV  
  174  21:51  SCV  
  176  21:57  Ghost x3  
  182  22:05  Ghost  
  182  22:08  Marine  
  164  22:09  Marine  
  164  22:14  Marine  
  164  22:15  Marine  
  141  22:16  Ghost  
  140  22:26  Ghost x2  
  140  22:28  Ghost  
  146  22:33  Ghost  
  148  22:44  Ghost  
  148  22:45  Marine  
  151  22:54  Ghost  
  153  22:59  Ghost x2  
  157  23:06  Orbital Command  
  157  23:09  Orbital Command  
  157  23:14  Marine x5  
  157  23:19  Marine  
  162  23:20  Marine x4  
  162  23:23  Marine  
  168  23:28  Marine x2  
  170  23:41  Ghost x2  
  162  23:44  Ghost  
  162  23:45  Ghost  
  162  23:46  Marine  
  162  23:49  Marine  
  162  23:50  Marine  
  162  23:53  Marine  
  159  23:56  Ghost  
  159  23:58  Marine  
  159  23:59  Marine x2  
  164  24:04  Marine x2  
  164  24:07  Marine  
  164  24:08  Marine  
  164  24:09  Ghost  
  144  24:25  Marine x2  
  152  24:41  Ghost  
  152  24:42  Ghost x3  
  150  24:46  Orbital Command  
  144  24:56  SCV x2  
  144  24:57  SCV  
  144  24:58  SCV  
  145  25:01  SCV  
  146  25:14  Ghost x2  
  146  25:17  Marine x7  
  146  25:19  Marine x2  
  159  25:21  Orbital Command  
  159  25:22  Marine  
  159  25:28  Marine  
  153  25:36  Refinery  
  153  25:37  Marauder  
  153  25:39  Viking  
  153  25:40  Viking  
  153  25:41  Marauder  
  159  25:53  Ghost x2  
  159  25:54  Ghost  
  159  25:55  Marine x2  
  161  26:08  Ghost  
  155  26:18  Ghost  
  147  26:20  Marine x2  
  146  26:42  Marine  
  146  26:53  Marauder x3  
  152  27:11  Siege Tank  
  152  27:12  Refinery  
  152  27:13  Siege Tank  
  152  27:14  Sensor Tower  
  162  27:22  Marauder  
  162  27:23  Marauder  
  162  27:25  Siege Tank  
  165  27:32  Marauder x2, Marine x7  
  176  27:43  Siege Tank  
  135  28:06  Marauder x2  
  128  28:13  Marine x6  
  128  28:14  Marine  
  128  28:15  Marine  
  138  28:48  Marauder  
  138  28:49  Marauder x2  
  128  29:19  Marauder  
  130  29:37  Orbital Command  
  130  30:26  Marauder x2  
  130  30:27  Marauder x2  
  138  30:29  Orbital Command  
  138  30:34  Siege Tank x3  
  147  30:41  SCV x7  
  154  30:45  Refinery x2  
  154  30:54  Sensor Tower  
  154  30:56  SCV x2  
  156  30:57  SCV  
  157  31:06  Siege Tank, SCV  
  157  31:07  SCV x4  
  165  31:14  Unknown  
  165  31:25  SCV x4, Missile Turret  
  168  31:26  SCV  
  168  31:27  Missile Turret  
  168  31:29  Missile Turret  
  168  31:31  Marauder x3  
  176  31:36  Marauder  
  178  31:49  Missile Turret  
  178  31:50  Missile Turret  
  178  31:51  Missile Turret  
  178  32:02  Ghost  
Tags
 
Add a new tag
Caveats
  • Supply blocks, unpowered buildings, or Contaminate may cause inaccurate times.
  • Supply counts are checked every 10 seconds.